AoeStats
← Gcoli4599

Fortress

508997682Analyzed
3v3 RM · 8d ago on Sep 25, 2026· 58m 34s· 6 players
Game mode
Random Map
Map size
Large (8 player)
Population
200
Speed
Normal
Resources
Standard
Victory
Conquest
Starting age
Dark Age
Ending age
Imperial Age
RankedLock teamsTeams togetherTeam positionsShared explorationLock speedFull tech treeHidden civsTurbo modeCheats
Victory
Defeat
🇨🇴 Spanish · Colombia
603
+8
🇧🇷 Chinese · Brazil
587
+9
🇦🇷 Franks · Argentina
563
+10
🇺🇸 Khmer · United States
586
-14
🇨🇴 Lithuanians · Colombia
342
-7
🇨🇴 Portuguese · Colombia
338
-6
SKILBILOTHBROK
7:18 Feudal Age
7:44 Double-Bit Axe
10:15 Wheelbarrow
9:34 Horse Collar
12:08 Scale Barding Armor
13:28 Bloodlines
15:43 Gold Mining
16:04 Town Watch
20:15 Castle Age
18:18 Fletching
21:25 Hand Cart
21:48 Chain Barding Armor
21:24 Bodkin Arrow
21:14 Light Cavalry
23:05 Ballistics
22:52 Heavy Plow
23:18 Forging
24:05 Sanctity
23:46 Atonement
24:05 Bow Saw
24:18 Stone Mining
25:00 Fervor
25:55 Town Patrol
28:52 Coinage
29:23 Murder Holes
30:32 Caravan
SAFIRA
0:49 Loom
8:44 Feudal Age
11:33 Wheelbarrow
10:46 Loom
11:18 Horse Collar
11:44 Double-Bit Axe
13:13 Gold Mining
18:30 Castle Age
17:17 Padded Archer Armor
17:08 Fletching
20:35 Hand Cart
21:35 Gold Shaft Mining
21:09 Thumb Ring
21:35 Bow Saw
27:16 Leather Archer Armor
26:56 Bodkin Arrow
27:19 Masonry
27:00 Heated Shot
27:30 Ballistics
31:30 Stone Mining
35:34 Imperial Age
37:31 Two-Man Saw
36:58 Heavy Rocket Cart
38:49 Great Wall
42:02 Ring Archer Armor
41:33 Bracer
48:55 Conscription
49:42 Architecture
49:32 Caravan
57:35 Elite Chu Ko Nu
Gcoli4599
0:36 Loom
2:35 Loom
8:08 Feudal Age
8:54 Town Watch
9:45 Wheelbarrow
9:06 Double-Bit Axe
9:15 Stone Mining
9:19 Gold Mining
12:36 Man-at-Arms
13:03 Arson
21:49 Castle Age
21:16 Scale Barding Armor
21:44 Scale Mail Armor
23:44 Bow Saw
23:22 Elite Skirmisher
25:26 Crossbowman
33:52 Caravan
36:10 Gold Shaft Mining
36:41 Hand Cart
36:29 Town Patrol
37:03 Ballistics
36:54 Fortified Wall
36:40 Murder Holes
36:10 Pikeman
36:51 Squires
38:57 Husbandry
38:19 Light Cavalry
41:31 Imperial Age
39:16 Forging
38:56 Fletching
39:07 Padded Archer Armor
42:47 Cavalier
42:50 Capped Ram
44:35 Chemistry
45:32 Chivalry
49:24 Cranequins
49:29 Heavy Mounted Crossbowman
49:36 Halberdier
52:08 Paladin
54:53 Hoardings
54:39 Conscription
55:40 Leather Archer Armor
55:20 Bodkin Arrow
56:01 Iron Casting
55:41 Chain Mail Armor
55:46 Chain Barding Armor
ENIKMA 0666
4:00 Loom
8:41 Feudal Age
9:44 Double-Bit Axe
10:38 Wheelbarrow
10:06 Horse Collar
17:50 Castle Age
19:33 Heavy Plow
21:24 Bow Saw
24:17 Gold Mining
24:18 Stone Mining
24:53 Hand Cart
27:07 Town Watch
29:33 Gold Shaft Mining
29:34 Stone Shaft Mining
30:09 Scale Barding Armor
30:05 Padded Archer Armor
29:56 Fletching
30:17 Forging
31:29 Tusk Swords
34:55 Imperial Age
TheWCrow
1:07 Loom
9:08 Feudal Age
12:23 Wheelbarrow
11:35 Town Watch
11:38 Double-Bit Axe
11:44 Horse Collar
16:17 Bloodlines
16:15 Scale Barding Armor
16:21 Forging
16:12 Padded Archer Armor
21:36 Castle Age
19:47 Fletching
19:59 Scale Mail Armor
24:31 Husbandry
26:04 Chain Barding Armor
26:20 Iron Casting
29:02 Gold Mining
31:22 Pikeman
32:03 Squires
38:55 Bodkin Arrow
39:16 Leather Archer Armor
40:23 Hand Cart
40:09 Town Patrol
41:21 Thumb Ring
40:37 Elite Skirmisher
44:09 Imperial Age
44:52 Cavalier
47:28 Plate Barding Armor
47:33 Ring Archer Armor
47:10 Bracer
48:53 Heavy Plow
50:14 Bow Saw
49:58 Stone Mining
LadyLee
1:53 Loom
9:06 Feudal Age
9:51 Horse Collar
10:03 Double-Bit Axe
13:37 Wheelbarrow
13:09 Man-at-Arms
13:35 Arson
20:09 Castle Age
18:07 Gold Mining
18:29 Stone Mining
24:27 Bow Saw
25:10 Long Swordsman
25:11 Pikeman
25:37 Gambesons
30:08 Imperial Age
28:55 Thumb Ring
30:24 Hand Cart
35:48 Heavy Plow
38:02 Elite Skirmisher
38:02 Crossbowman
38:06 Halberdier
38:06 Two-Handed Swordsman
38:45 Heated Shot
39:08 Fortified Wall
39:20 Ballistics
41:49 Crop Rotation
47:02 Conscription
47:35 Elite Organ Gun
51:05 Forging
50:55 Scale Mail Armor
50:59 Padded Archer Armor
50:50 Fletching
Connection lost

Rejoining the realm…

Still unreachable

The connection could not be restored.

Session expired

The server has moved on; the page needs a fresh start.